 Dungeon Crawl Stone Soup version 0.27-a0-216-g1fbed8a51c (webtiles) character file.

Game seed: 14572815524542012167

28 knot the Chopper (level 3, 29/29 HPs)
             Began as a Demonspawn Berserker on Feb 1, 2021.
             Was a Follower of Trog.
             Quit the game on level 1 of the Dungeon.
             The game lasted 00:00:38 (1267 turns).

knot the Chopper (Demonspawn Berserker)             Turns: 1267, Time: 00:00:39

Health: 29/29      AC:  4    Str: 17    XL:     3   Next: 0%
Magic:  3/3        EV: 12    Int:  9    God:    Trog [*.....]
Gold:   48         SH:  0    Dex: 12    Spells: 2/2 levels left

rFire    . . .     SeeInvis .   a - +0 hand axe
rCold    . . .     Faith    .   (no shield)
rNeg     . . .     Spirit   .   b - +0 animal skin
rPois    .         Reflect  .   (helmet restricted)
rElec    .         Harm     .   (no cloak)
rCorr    .         Rampage  .   (no gloves)
Will     .....                  (no boots)
Stlth    +.........             (no amulet)
HPRegen  0.09/turn              (no ring)
MPRegen  0.08/turn              (no ring)

@: no status effects
A: horns 1, thin metallic scales 1
a: Renounce Religion, Berserk


You were on level 1 of the Dungeon.
You worshipped Trog.
Trog was aware of your devotion.
You visited 1 branch of the dungeon, and saw 1 of its levels.

You collected 48 gold pieces.

Inventory:

Hand Weapons
 a - a +0 hand axe (weapon)
Missiles
 c - 26 stones
Armour
 b - a +0 animal skin (worn)
Jewellery
 i - a cursed amulet of inaccuracy {unknown}
Scrolls
 f - a scroll of remove curse {unknown}
 g - a scroll of identify {unknown}
 j - 2 scrolls of teleportation {unknown}
 k - a scroll of noise {unknown}
 m - a scroll of enchant armour {unknown}
Potions
 d - a potion of lignification {unknown}
 e - a potion of ambrosia {unknown}
 h - 2 potions of heal wounds {unknown}
 l - a potion of resistance {unknown}


   Skills:
 - Level 3.0 Fighting
 + Level 3.8 Axes
 - Level 1.7 Armour
 - Level 1.7 Dodging


You had 2 spell levels left.
You didn't know any spells.
Your spell library was empty.

Dungeon Overview and Level Annotations

Branches:
Dungeon (1/15)

Altars:


Innate Abilities, Weirdness & Mutations

You have a pair of small horns on your head.
You are partially covered in thin metallic scales. (AC +2)


Message History

A dart slug is nearby!
There is an open door here.
The dart slug launches a dart at you. The slug dart misses you.
You hit the dart slug.
The dart slug is severely wounded.
The dart slug barely misses you.
You hit the dart slug but do no damage.
The dart slug is severely wounded.
The dart slug launches a dart at you. The slug dart misses you.
You hit the dart slug but do no damage. You headbutt the dart slug.
You kill the dart slug!
Trog accepts your kill.
You have reached level 3!
Your experience leads to an increase in your attributes!
Increase (S)trength, (I)ntelligence, or (D)exterity?
You feel clever.
Your demonic ancestry asserts itself...
Thin metallic scales grow over part of your body.
Are you sure you want to abandon this character and quit the game? (Confirm with "yes".)

##+## # ##...## .#
##.....## ##.####
##.......## .......
#.........###....##
+.........'.@.....#
#.........###....##
##.......## .#..#
##.....## .. ....
##...## ### ###
##'## #.# #.#
##.##########


There were no monsters in sight!

Vanquished Creatures
  An ooze (D:1)
  4 dart slugs (D:1)
  A giant cockroach (D:1)
  3 goblins (D:1)
  A bat (D:1)
  A frilled lizard (D:1)
  2 kobolds (D:1)
  6 rats (D:1)
19 creatures vanquished.

Notes
Turn   | Place    | Note
-------+----------+-------------------------------------------
     0 | D:1      | knot the Demonspawn Berserker began the quest for the Orb.
     0 | D:1      | Reached XP level 1. HP: 18/18 MP: 1/1
   820 | D:1      | Gained mutation: You have a pair of small horns on your
                  | head. [demonic ancestry]
   820 | D:1      | Reached XP level 2. HP: 21/24 MP: 2/2
  1267 | D:1      | Gained mutation: You are partially covered in thin metallic
                  | scales. (AC +2) [demonic ancestry]
  1267 | D:1      | Reached XP level 3. HP: 29/29 MP: 3/3
  1267 | D:1      | Quit the game

Illustrated notes

Levels and vault maps discovered:
D:1:      lightli_arrival_chessboard, layout_loops_corners

Skill      XL: |  1 |
---------------+----+-----
Axes           | 3 |  3.8
Fighting       | |  3.0
Armour         | |  1.7
Dodging        | |  1.7

Action                   || total
-------------------------++-------
Melee: Hand axe          ||    46
       Headbutt          ||     5
Armor: Animal skin       ||     6
Dodge: Dodged            ||    35

Table legend: (Time is in decaauts)
 A = Elapsed time spent in this place.
 B = Non-inter-level travel time spent in this place.
 C = Inter-level travel time spent in this place.
 D = Time resting spent in this place.
 E = Time spent auto-exploring this place.
 F = Levels seen in this place.
 G = Mean time per level.
                   A        B        C        D        E       F      G
               +--------+--------+--------+--------+--------+-----+--------+
         Total |   1273 |   1273 |      0 |    433 |    718 |   1 | 1273.0 |
       Dungeon |   1273 |   1273 |      0 |    433 |    718 |   1 | 1273.0 |
               +--------+--------+--------+--------+--------+-----+--------+

Top non-repeatable levels by time:
     D:1: 1273 daAuts
